Map: Odyssey LE

Players

Steffen

  • Race: Terran Terran
  • League: Gold
  • Spawn Location: 5:00

Juxtapose - Winner!

  • Race: Zerg Zerg
  • Spawn Location: 11:00

VOD

https://youtu.be/ZoYScCXURAU

Description

Zerg versus Terran is quickly becoming my favourite match, as I get to break out Banelings, Infestors, and Ultralisks, and I _love_ those units.

I also used Neural Parasite for the first time in Multiplayer in this match, which was fun.

Time

  • Played on: May 30, 2017, 8:31 p.m.
  • Length: 14:39
Show
View Real Time Build Order
Export as new Build Order

Steffen Terran 

Build Orders: Liberator Opening 

Get SALT Encoding   

  12  0:01  SCV  
  13  0:13  SCV  
  14  0:19  Supply Depot  
  14  0:25  SCV  
  15  0:30  Refinery  
  15  0:40  SCV  
  16  0:45  Barracks  
  16  0:55  SCV  
  17  1:07  SCV  
  18  1:19  SCV  
  19  1:34  Orbital Command  
  19  1:38  Barracks Reactor  
  19  2:02  Supply Depot, Command Center  
  19  2:04  SCV  
  20  2:13  Bunker  
  20  2:16  Marine x2  
  20  2:20  SCV  
  23  2:29  Factory  
  23  2:40  Marine x2  
  23  2:41  SCV  
  26  2:56  Refinery  
  26  2:57  SCV  
  27  3:02  Marine  
  27  3:03  Marine  
  29  3:10  SCV  
  30  3:13  Factory Tech Lab  
  30  3:17  Starport  
  30  3:20  Marine x2  
  30  3:22  SCV  
  30  3:25  Orbital Command  
  33  3:35  Siege Tank  
  36  3:43  Supply Depot  
  36  3:45  Marine x2  
  38  3:59  Liberator  
  41  4:19  Siege Tank  
  41  4:20  Marine x2  
  46  4:26  Orbital Command  
  46  4:32  Supply Depot  
  46  4:35  Bunker  
  46  4:38  Marine x2  
  48  4:51  Siege Tank  
  51  4:56  SCV x2  
  53  5:05  Supply Depot  
  53  5:08  SCV x2  
  53  5:09  Marine x2  
  57  5:19  Starport Reactor  
  57  5:20  SCV x2  
  58  5:23  Siege Tank  
  58  5:27  Marine x2  
  63  5:32  SCV  
  64  5:45  Marine x2  
  64  5:47  Supply Depot  
  66  5:52  SCV x2  
  68  6:02  Siege Tank  
  68  6:03  Marine x2  
  73  6:04  SCV x2  
  73  6:06  Supply Depot  
  73  6:08  Refinery x2  
  73  6:10  Supply Depot, Medivac x2  
  79  6:16  SCV x2  
  81  6:21  Marine x2  
  83  6:29  SCV x2  
  85  6:32  Barracks  
  85  6:38  Marine  
  85  6:39  Marine  
  87  6:41  SCV x2  
  86  6:48  Siege Tank  
  89  6:56  Medivac, Barracks, Marine x2  
  89  6:57  Medivac  
  95  7:08  Supply Depot  
  95  7:10  SCV x2, Supply Depot  
  95  7:14  Marine  
  98  7:21  Marine  
  99  7:31  SCV x2  
  99  7:32  Marine  
  102  7:39  Marine  
  102  7:43  SCV, Barracks Tech Lab  
  102  7:44  Barracks Tech Lab  
  104  7:48  Engineering Bay  
  104  7:50  SCV, Barracks, Marine  
  106  7:55  SCV  
  106  7:57  Marine  
  108  8:07  Marine  
  109  8:15  Marine  
  82  8:27  Marine  
  82  8:32  Marine  
  82  8:33  Marine  
  82  8:34  Marine  
  86  8:35  Stimpack, Combat Shields  
  86  8:37  Supply Depot  
  86  8:43  Supply Depot  
  86  8:45  Marine  
  88  8:50  Siege Tank, Marine  
  88  8:51  Marine x2  
  88  8:52  Medivac x2  
  97  8:57  Barracks Reactor  
  97  8:58  Terran Infantry Weapons Level 1  
  97  9:02  Engineering Bay  
  97  9:08  Command Center  
  97  9:25  Marine x3  
  97  9:26  Marine  
  97  9:27  Siege Tank  
  104  9:32  Supply Depot  
  104  9:34  Supply Depot  
  104  9:37  Terran Infantry Armor Level 1  
  104  9:43  Marine x4  
  108  9:46  Marine x2  
  110  9:55  Armory  
  110  10:01  Marine x2  
  110  10:02  Marauder x2  
  110  10:04  Marine x2  
  117  10:18  Marine  
  117  10:19  Marine  
  119  10:22  Marine  
  119  10:23  Marine  
  119  10:26  Cyclone  
  128  10:28  Marauder x2  
  128  10:36  Marine x2  
  128  10:40  Marine  
  128  10:41  Marine  
  132  10:49  Marine x2  
  134  10:50  Supply Depot  
  134  10:52  Terran Infantry Weapons Level 2  
  134  10:58  Supply Depot, Marine x2  
  134  10:59  Marine  
  134  11:00  Marine  
  138  11:10  Medivac  
  140  11:13  Marauder x2  
  144  11:39  Marine x5  
  106  11:40  Marine  
  90  11:57  Siege Tank, Marine x3  
  90  11:58  Marauder x2  
  95  12:12  Marine  
  95  12:14  Marine  
  95  12:15  Marine  
  94  12:16  Marine  
  94  12:19  Marauder, Marine  
  99  12:30  Siege Tank, Supply Depot  
  99  12:46  Marine x3  
  99  12:47  Marine x2  
  104  12:54  Marine  
  105  13:03  Bunker  
  105  13:04  Marine x5  
  110  13:21  Marine  
  110  13:22  Marine x3  
  114  13:28  Marine x2  
  98  13:50  Marine x4  
  73  14:13  Marine x3  
Show
View Real Time Build Order
Export as new Build Order

Juxtapose Zerg - Winner!

Build Orders: Pool First 

Get SALT Encoding   

  12  0:01  Drone  
  13  0:13  Overlord  
  13  0:19  Drone  
  14  0:32  Drone  
  15  0:43  Spawning Pool  
  15  0:44  Drone  
  15  0:48  Drone  
  16  0:55  Overlord  
  16  0:59  Drone  
  17  1:09  Drone  
  18  1:20  Drone  
  18  1:23  Extractor  
  18  1:31  Zergling x2  
  18  1:32  Queen  
  21  1:44  Hatchery  
  20  1:58  Overlord  
  20  1:59  Drone  
  21  2:04  Drone  
  22  2:11  Extractor  
  22  2:14  Queen  
  23  2:18  Drone  
  24  2:23  Drone  
  25  2:33  Drone  
  25  2:36  Metabolic Boost  
  26  2:42  Drone x2  
  28  2:44  Zergling x2  
  29  2:55  Zergling x2  
  30  3:02  Baneling Nest  
  30  3:04  Drone  
  30  3:06  Queen  
  32  3:15  Zergling x6  
  35  3:22  Overlord  
  35  3:30  Drone x2  
  35  3:32  Drone  
  38  3:43  Drone  
  38  3:46  Queen  
  41  3:57  Zergling x6  
  45  4:02  Drone  
  45  4:03  Drone  
  46  4:14  Evolution Chamber  
  46  4:16  Drone x2  
  47  4:24  Zergling x8  
  50  4:26  Drone  
  52  4:33  Lair  
  52  4:41  Baneling x6  
  52  4:49  Overlord  
  52  4:52  Overlord x2  
  52  4:56  Zerg Melee Weapons Level 1  
  52  5:12  Hatchery  
  49  5:48  Infestation Pit  
  48  5:52  Drone x2  
  48  5:53  Drone x6  
  48  5:55  Zergling x12  
  62  6:17  Drone x4  
  66  6:24  Extractor  
  65  6:26  Extractor  
  65  6:29  Hive  
  56  6:40  Drone x2  
  56  6:44  Queen  
  56  6:48  Drone  
  56  6:52  Infestor x2  
  56  6:53  Infestor  
  63  6:55  Pathogen Glands  
  63  6:57  Drone x3  
  66  7:15  Drone x3  
  69  7:19  Drone, Queen  
  72  7:46  Drone  
  72  7:47  Drone x2  
  75  7:51  Neural Parasite  
  75  7:56  Burrow  
  59  8:31  Zerg Ground Armor Level 1, Ultralisk Cavern  
  58  8:35  Drone x3  
  61  8:57  Pneumatized Carapace  
  61  8:59  Drone x2  
  61  9:02  Overlord x3  
  63  9:08  Drone  
  64  9:10  Extractor  
  64  9:12  Extractor  
  62  9:18  Ultralisk  
  62  9:19  Chitinous Plating  
  62  9:23  Overlord x2  
  68  9:25  Ultralisk x2  
  80  9:42  Ultralisk  
  86  9:47  Zergling x12  
  86  9:48  Adrenal Glands  
  86  9:51  Zergling x10  
  86  9:52  Zergling x6  
  100  10:00  Overseer  
  100  10:20  Ultralisk x2  
  112  10:45  Overlord x3  
  112  10:46  Zerg Melee Weapons Level 2  
  112  10:49  Zergling x4  
  114  10:51  Overlord x4  
  114  11:11  Overseer x3  
  114  11:22  Zergling x2  
  114  11:23  Zergling x16  
  114  11:24  Zergling x2  
  90  11:42  Zergling x14  
  90  11:43  Zergling x6  
  81  12:07  Ultralisk  
  81  12:08  Ultralisk x3, Zergling x6  
  101  12:09  Zergling x10  
  103  12:34  Ultralisk x5  
  123  12:56  Ultralisk  
  123  12:57  Ultralisk  
  135  12:59  Overlord x3  
  135  13:01  Zergling x4  
  137  13:19  Zergling x6  
  141  13:20  Zergling x2  
  141  13:23  Hatchery  
  140  13:31  Overlord x2  
  140  13:37  Zergling x10  
  117  14:11  Zergling x10  
  117  14:12  Zergling x8  
Tags
 
Add a new tag
Caveats
  • Supply blocks, unpowered buildings, or Contaminate may cause inaccurate times.
  • Supply counts are checked every 10 seconds.